 Dungeon Crawl Stone Soup version 0.19-a0-1201-gda63bca (webtiles) character file.

102 McCoppin the Ducker (level 4, -5/22 HPs)
             Began as a Spriggan Gladiator on Aug 21, 2016.
             Killed by divine providence
             ... invoked by an orc priest
              (12 damage)
             ... on level 3 of the Dungeon.
             The game lasted 00:05:20 (2309 turns).

McCoppin the Ducker (Spriggan Gladiator)            Turns: 2309, Time: 00:05:25

Health: -5/22      AC:  3    Str:  9 (11) XL:     4   Next: 49%
Magic:  5/5        EV: 19    Int:  8 (9)  God:
Gold:   178        SH:  0    Dex: 15 (17) Spells: 0 memorised, 3 levels left

rFire  . . .     SeeInvis +     a - +0 long sword
rCold  . . .     Gourm    .     b - +0 robe
rNeg   . . .     Faith    .     (shield currently unavailable)
rPois  .         Spirit   .     c - +0 hat
rElec  .         Dismiss  .     p - +0 cloak
rCorr  .         Reflect  .     (gloves unavailable)
MR     .....     Harm     .     (boots unavailable)
Stlth  ++........               (no amulet)
                                (no ring)
                                (no ring)

@: very quick
A: unfitting armour, see invisible, herbivore 3, speed 3, slow metabolism 2
a: no special abilities


You were on level 3 of the Dungeon.
You were not hungry.

You visited 1 branch of the dungeon, and saw 3 of its levels.

You collected 178 gold pieces.

Inventory:

Hand Weapons
 a - a +0 long sword (weapon)
 k - a +2 dagger of draining
Missiles
 d - 4 throwing nets (quivered)
Armour
 b - a +0 robe (worn)
 c - a +0 hat (worn)
 p - a +0 cloak (worn)
Scrolls
 i - a scroll of recharging {unknown}
 l - 2 scrolls of magic mapping {unknown}
 m - a scroll of remove curse {unknown}
 n - 2 scrolls of identify {unknown}
 t - a scroll of fear {unknown}
 u - a scroll of fog {unknown}
Potions
 e - a potion of cure mutation {unknown}
 h - a potion of degeneration
 j - a potion of agility {unknown}
 o - a potion of berserk rage {unknown}
 q - a potion of magic {unknown}
 s - a potion of haste {unknown}
Comestibles
 f - a bread ration
 g - 2 royal jellies
 r - 8 fruits


   Skills:
 - Level 1.5 Fighting
 + Level 4.2 Long Blades
 - Level 2.0 Throwing
 - Level 4.4 Dodging
 + Level 1.9 Stealth


You had 3 spell levels left.
You didn't know any spells.

Dungeon Overview and Level Annotations

Branches:
Dungeon (3/15)

Altars:
Cheibriados
Qazlal
Trog
Xom


Innate Abilities, Weirdness & Mutations

You are tiny and cannot use many weapons and most armour.
You have supernaturally acute eyesight. (SInv)
You are a herbivore.
You cover ground extremely quickly.
You need consume almost no food.


Message History

The orc shouts!
The orc priest hits you with a club.
An orc comes into view. It is wielding a club.
You barely miss the orc priest.
The orc shouts!
The orc priest invokes the aid of Beogh against you.
Pain shoots through your body!
Ouch! That really hurt!
You are too injured to fight recklessly!
You are too injured to fight recklessly!
You are too injured to fight recklessly!
Unknown command.
It was a potion of degeneration.
There was something very wrong with that liquid.
You feel weakened.
You feel dopey.
You feel clumsy.
The orc shouts!
The orc priest invokes the aid of Beogh against you.
Beogh smites you!
Ouch! That really hurt!
You die...

..........#.##.#####
#.....<.#
.......#....##.##
##......##
...........#.†..#
#...)....
........#..#....#
#......##
........#.......#
#..(..###
..........##....#
#.....##.
.......#........#
#######..
.......###......### ##.
.......###......@o#######
#_.
...........#....#........
#8.
...........#....##.......
##. ...........#....#
....... ##
####..†.....##### .......
#.......... ...o...
######..### ....o.. # .#
....o.. # .......


You could see an orc priest and 3 orcs.

Vanquished Creatures
  2 adders (D:2)
  An ooze (D:3)
  A dart slug (D:1)
  3 giant geckos
  An orc (D:3)
  A ball python (D:3)
  2 bats (D:1)
  6 giant cockroaches
  6 goblins
  7 hobgoblins
  15 jackals (D:3)
  2 giant newts
  7 kobolds
  11 rats
65 creatures vanquished.

Notes
Turn   | Place    | Note
-------+----------+-------------------------------------------
     0 | D:1      | McCoppin the Spriggan Gladiator began the quest for the Orb.
     0 | D:1      | Reached XP level 1. HP: 10/10 MP: 2/2
   527 | D:1      | Reached XP level 2. HP: 7/14 MP: 3/3
  1332 | D:2      | Reached XP level 3. HP: 16/18 MP: 4/4
  1408 | D:2      | Found a bloodstained altar of Trog.
  1580 | D:2      | Reached skill level 1 in Stealth
  1649 | D:2      | Found a stormy altar of Qazlal.
  1830 | D:3      | Reached XP level 4. HP: 19/22 MP: 5/5
  2219 | D:3      | Found a shimmering altar of Xom.
  2236 | D:3      | Found a snail-covered altar of Cheibriados.
  2309 | D:3      | Killed from afar by an orc priest

Vault maps used:
D:1:      lightli_arrival_noodles
D:2:      lemuel_coloured_pillars_altar, nicolae_overflow_crystal_walls
D:3:      grunt_temple_overflow_gold_and_silver, minitemple

Skill      XL: |  1  2  3  4 |
---------------+-------------+-----
Long Blades    | 3 4 |  4.2
Stealth        | 1 |  1.9
Fighting       | |  1.5
Throwing       | |  2.0
Dodging        | |  4.4

Action                   |  1- 3 |  4- 6 || total
-------------------------+-------+-------++-------
Melee: Long sword        |   150 |    69 ||   219
       Dagger            |     7 |       ||     7
  Use: Potion            |       |     1 ||     1
 Stab: Sleeping          |     1 |     1 ||     2
       Distracted        |     1 |       ||     1
Armor: Robe              |     9 |     7 ||    16
Dodge: Dodged            |   110 |    42 ||   152
